 Dungeon Crawl Stone Soup version 0.27-a0-46-g34d46f0a3f (webtiles) character file.

Game seed: 6207909195076198408

18284 Borgoz the Grappler (level 12, -2/104 HPs)
             Began as a Ghoul Gladiator on Jan 6, 2021.
             Was a Believer of Ashenzari.
             Slain by an elephant (11 damage)
             ... on level 2 of the Lair of Beasts.
             The game lasted 00:17:58 (16166 turns).

Borgoz the Grappler (Ghoul Gladiator)              Turns: 16166, Time: 00:17:59

Health: -2/104     AC: 27    Str: 20    XL:     12   Next: 56%
Magic:  11/11      EV: 11    Int:  3    God:    Ashenzari [**....]
Gold:   73         SH:  0    Dex: 13    Spells: 11/11 levels left

rFire    . . .     SeeInvis .     - Unarmed
rCold    + . .     Faith    .   (no shield)
rNeg     + + +     Spirit   .   x - +6 plate armour "Tytulol" {Will+}
rPois    ∞         Reflect  .   b - +0 helmet
rElec    .         Harm     .   n - +0 cloak
rCorr    .         Rampage  .   (no gloves)
Will     +....                  t - +0 pair of boots
Stlth    ..........             m - amulet of regeneration
HPRegen  0.00/turn              (no ring)
MPRegen  0.12/turn              u - +4 ring of protection (curse)

@: mighty, about to teleport, slowed, very slow
A: claws 1, cold resistance 1, negative energy resistance 3, inhibited
regeneration, torment resistance, unbreathing
a: Renounce Religion, Curse Item, Scrying


You were on level 2 of the Lair of Beasts.
You worshipped Ashenzari.
Ashenzari was pleased with you.
You visited 3 branches of the dungeon, and saw 15 of its levels.
You also visited: Sewer.

You collected 959 gold pieces.
You spent 886 gold pieces at shops.

Inventory:

Missiles
 e - 4 throwing nets (quivered)
 g - 18 poisoned darts
Armour
 b - a +0 helmet (worn)
 i - +0 acid dragon scales
 n - a +0 cloak (worn)
 t - a +0 pair of boots (worn)
 x - the +6 plate armour "Tytulol" (worn) {Will+}
   (You bought it in a shop on level 6 of the Dungeon)

   It affects your willpower, your defense against some magical effects.
 C - a +0 kite shield
Jewellery
 m - an amulet of regeneration (around neck)
 o - an uncursed ring of magical power
 q - the ring of the Coward {Str+4 Dex-3 Stlth+}
   (You found it on level 11 of the Dungeon)

   [ring of stealth]

   It affects your strength (+4).
   It affects your dexterity (-3).
   It makes you more stealthy.
 u - a cursed +4 ring of protection (right claw)
Wands
 a - a wand of flame (37)
 c - a wand of polymorph (32)
 w - a wand of paralysis (3)
 y - a wand of digging (7)
 E - a wand of iceblast (7)
Scrolls
 h - a scroll of fog
 j - 3 scrolls of magic mapping
 k - 2 scrolls of enchant weapon
 p - 2 scrolls of remove curse
 r - 2 scrolls of teleportation
 v - 2 scrolls of fear
 B - a scroll of amnesia
 D - a scroll of identify
 F - a scroll of silence {unknown}
 G - a scroll of enchant armour {unknown}
Potions
 d - a potion of resistance
 f - a potion of flight
 l - a potion of magic
 z - a potion of brilliance
 A - 2 potions of haste


   Skills:
 + Level 9.3 Fighting
 - Level 1.7 Throwing
 + Level 7.5 Armour
 * Level 11.2 Dodging
 * Level 12.9 Unarmed Combat


You had 11 spell levels left.
You didn't know any spells.
Your spell library contained the following spells:

 Spells                   Type           Power        Failure   Level
 Corona                   Hex            0%           100%        1
 Magic Dart               Conj           0%           100%        1
 Summon Small Mammal      Summ           0%           100%        1
 Call Imp                 Summ           0%           100%        2
 Ensorcelled Hibernation  Hex/Ice        0%           100%        2
 Searing Ray              Conj           0%           100%        2
 Call Canine Familiar     Summ           0%           100%        3
 Confusing Touch          Hex            0%           100%        3
 Dazzling Flash           Conj/Hex       0%           100%        3
 Summon Guardian Golem    Hex/Summ       0%           100%        3
 Tukima's Dance           Hex            0%           100%        3
 Fulminant Prism          Conj/Hex       0%           100%        4
 Iskenderun's Mystic Bla  Conj/Tloc      0%           100%        4
 Summon Ice Beast         Ice/Summ       0%           100%        4
 Summon Lightning Spire   Summ/Air       0%           100%        4
 Irradiate                Conj/Tmut      0%           100%        5
 Summon Demon             Summ           0%           100%        5
 Summon Forest            Summ/Tloc      0%           100%        5
 Summon Mana Viper        Hex/Summ       0%           100%        5
 Shadow Creatures         Summ           N/A          100%        6
 Summon Hydra             Summ           0%           100%        7
 Hydra Form               Tmut           Unusable     N/A         6
 Statue Form              Tmut/Erth      Unusable     N/A         6
 Dragon Form              Tmut           Unusable     N/A         7

Dungeon Overview and Level Annotations

Branches:
Dungeon (12/15)            Temple (1/1) D:6            Lair (2/6) D:8
    Orc (0/2) D:9           Sewer (visited)
  Swamp: Lair:2-4    Shoals: Lair:2-4     Snake: Lair:2-4    Spider: Lair:2-4

Altars:
Ashenzari
Cheibriados
Dithmenos
Elyvilon
Fedhas
Gozag
Hepliaklqana
Kikubaaqudgha
Makhleb
Nemelex Xobeh
Okawaru
Qazlal
Ru
Sif Muna
Trog
Uskayaw
Vehumet
Wu Jian
Xom
Yredelemnul
Zin
The Shining One

Shops:
D:6 *(*!:   D:7 }


Innate Abilities, Weirdness & Mutations

You thrive by killing the living.
You are immune to poison.
You have sharp fingernails.
Your flesh is cold resistant. (rC+)
You are immune to negative energy. (rN+++)
You do not regenerate when monsters are visible.
You are immune to unholy pain and torment.
You can survive without breathing.


Message History

The elephant trunk-slaps you but does no damage.
The elephant barely misses you. The elephant closely misses you.
The elephant misses you.
The elephant trunk-slaps you but does no damage.
The elephant misses you.
The elephant trunk-slaps you but does no damage.
There is a stone staircase leading up here.
You can't go down here!
The elephant tramples you!
* * * LOW HITPOINT WARNING * * *
You stumble backwards!
You stop ascending the stairs.
Okay, then.
As you read the scroll of teleportation, it crumbles to dust.
You feel strangely unstable.
The elephant seems to regain its courage.
The torpor snail seems to regain its courage.
The elephant closely misses you.
The elephant trunk-slaps you but does no damage.
The elephant tramples you!
You die...

, , *
##....#....,, *
###.....#.#.. ,
#.#......... ,. ,
#........#.#+#.#
,*
#..#.#...#.....#
,
##...8.#.....##.,
* ##.....#.......
* ,
#8.Y......8... ,
#Y.Y@w.$...... *
##.8.##.##....
##### #Y.,..# * ,
,, , , , .#+ # ,
,, , , .. , , , ,
, ..,* , , , ,,,,
... , , , ,, , ,,
*


You could see 3 elephants and a torpor snail (fleeing).

Vanquished Creatures
  A yaktaur captain (D:9)
  The ghost of Nebesus the Basher, a novice TrMo (D:11)
  3 two-headed ogres
  Psyche (D:11)
  An elephant (Lair:2)
  A centaur skeleton (D:12)
  A cane toad (Lair:1)
  A gargoyle (D:11)
  A rime drake (Lair:1)
  2 polar bears (Lair:1)
  2 wraiths
  Sigmund (D:7)
  4 basilisks
  7 yaks (D:10)
  4 wyverns
  Edmund (D:7)
  A soldier ant (D:11)
  2 acid dragons
  23 water moccasins
  Duvessa (D:5)
  10 orc warriors
  3 ice beasts
  2 sky beasts
  5 black bears
  4 phantoms
  A necrophage (D:11)
  7 wolves
  5 ogres
  6 centaurs
  2 big kobolds (D:11)
  8 bullfrogs
  Dowan (D:5)
  A wyvern zombie (D:9)
  A wyvern skeleton (D:11)
  A scorpion (D:4)
  5 killer bees (D:9)
  4 electric eels (Lair:1)
  4 howler monkeys (D:10)
  A quasit (D:6)
  2 bullfrog zombies (D:11)
  4 orc priests
  2 bullfrog skeletons
  A centaur zombie (D:7)
  3 jellies
  5 orc wizards
  2 gnoll shamans
  7 hounds
  Crazy Yiuf (D:2)
  Jessica (D:3)
  Terence (D:3)
  7 iguanas
  8 worker ants
  Natasha (thrice) (D:2)
  A hound zombie (D:6)
  Robin (D:3)
  2 worker ant zombies
  34 adders
  20 gnolls
  8 white imps
  2 ufetubi (D:9)
  2 oozes
  2 adder zombies (D:9)
  An adder skeleton (D:9)
  A worm (D:3)
  4 dart slugs
  4 leopard geckos
  37 orcs
  4 giant cockroaches
  14 goblins
  7 hobgoblins
  19 jackals
  17 kobolds
  6 quokkas
  2 ball pythons
  4 bats
  3 frilled lizards
  2 leopard gecko skeletons
  5 rats
379 creatures vanquished.

Vanquished Creatures (others)
  An orc (D:10)
  A quokka (D:2)
  A bush (D:8)
  2 fungi
  5 plants (D:8)
10 creatures vanquished.

Grand Total: 389 creatures vanquished

Notes
Turn   | Place    | Note
-------+----------+-------------------------------------------
     0 | D:1      | Borgoz the Ghoul Gladiator began the quest for the Orb.
     0 | D:1      | Reached XP level 1. HP: 17/17 MP: 0/0
    41 | D:1      | Reached XP level 2. HP: 6/25 MP: 1/1
   733 | D:2      | Reached XP level 3. HP: 20/30 MP: 2/2
  1032 | D:2      | Reached skill level 4 in Unarmed Combat
  1195 | D:2      | Reached skill level 1 in Armour
  1195 | D:2      | Reached XP level 4. HP: 22/37 MP: 3/3
  1393 | D:2      | Found a white marble altar of Elyvilon.
  1398 | D:2      | Noticed Natasha
  1414 | D:2      | Killed Natasha
  1441 | D:2      | Noticed Natasha
  1453 | D:2      | Killed Natasha
  1454 | D:2      | Reached XP level 5. HP: 14/45 MP: 4/4
  1799 | D:2      | Noticed Natasha
  1806 | D:2      | Killed Natasha
  1962 | D:2      | Found a runed translucent door.
  1963 | D:2      | Noticed Crazy Yiuf
  2384 | D:2      | Killed Crazy Yiuf
  2498 | D:3      | Noticed Jessica
  2512 | D:3      | Killed Jessica
  2576 | D:3      | Reached XP level 6. HP: 51/51 MP: 5/5
  2611 | D:3      | Found a glowing drain.
  2630 | Sewer    | Entered a sewer
  2637 | Sewer    | Reached skill level 5 in Unarmed Combat
  2700 | Sewer    | Noticed a water moccasin
  2718 | Sewer    | Killed a water moccasin
  3004 | D:3      | Noticed Robin
  3015 | D:3      | Killed Robin
  3546 | D:3      | Noticed Terence
  3554 | D:3      | Found a shimmering blue altar of Sif Muna.
  3554 | D:3      | Found a stormy altar of Qazlal.
  3559 | D:3      | Killed Terence
  3560 | D:3      | Reached XP level 7. HP: 46/58 MP: 6/6
  3574 | D:3      | Found a radiant altar of Vehumet.
  3995 | D:4      | Found a snail-covered altar of Cheibriados.
  4101 | D:4      | Reached skill level 5 in Dodging
  4152 | D:4      | Reached skill level 6 in Unarmed Combat
  4513 | D:5      | Entered Level 5 of the Dungeon
  4867 | D:5      | Found a sparkling altar of Nemelex Xobeh.
  4964 | D:5      | Reached XP level 8. HP: 67/67 MP: 7/7
  5123 | D:5      | Noticed Dowan
  5124 | D:5      | Noticed Duvessa
  5145 | D:5      | Killed Duvessa
  5158 | D:5      | Killed Dowan
  5531 | D:6      | Found a basalt altar of Yredelemnul.
  5588 | D:7      | Found Puth's Gadget Shop.
  5597 | D:7      | Reached skill level 7 in Unarmed Combat
  5735 | D:7      | Reached skill level 5 in Fighting
  6482 | D:6      | Found Wautsuum's Distillery.
  6493 | D:6      | Bought a potion of might for 60 gold pieces
  6493 | D:6      | Bought a potion of haste for 150 gold pieces
  6503 | D:6      | Found Tojurisa's General Store.
  6517 | D:6      | Found Baixice's Antique Weapon Emporium.
  6610 | D:6      | Found Raup Reo's Assorted Antiques.
  6694 | D:6      | Bought a scroll labelled UCUEGI TOELEAL for 22 gold pieces
  6694 | D:6      | Bought a fuming red potion for 19 gold pieces
  6694 | D:6      | Bought a blue potion for 19 gold pieces
  6715 | D:6      | Found a broken altar of Ashenzari.
  6733 | D:6      | Became a worshipper of Ashenzari the Shackled
  6739 | D:6      | Reached XP level 9. HP: 74/74 MP: 8/8
  6842 | D:6      | Found a staircase to the Ecumenical Temple.
  6892 | D:6      | Reached skill level 8 in Unarmed Combat
  6952 | Temple   | Entered the Ecumenical Temple
  7212 | D:6      | Found Kaett's Book Shop.
  8256 | D:7      | Noticed Edmund
  8256 | D:7      | Noticed Sigmund
  8271 | D:7      | Killed Edmund
  8277 | D:7      | Killed Sigmund
  8570 | D:8      | Reached skill level 9 in Unarmed Combat
  8597 | D:8      | Reached XP level 10. HP: 40/84 MP: 9/9
  8610 | D:8      | Reached skill level 5 in Armour
  8635 | D:8      | HP: 1/84 [basilisk (7)]
  8940 | D:8      | Found a staircase to the Lair.
  9348 | D:9      | Found a sacrificial altar of Ru.
  9413 | D:9      | Reached skill level 10 in Unarmed Combat
  9469 | D:9      | Reached * piety under Ashenzari
  9471 | D:9      | Found a hide-covered altar of Uskayaw.
  9474 | D:9      | Noticed a +0 dagger
  9474 | D:9      | Noticed a +0 hand axe
  9543 | D:9      | Noticed a two-headed ogre
  9561 | D:9      | Killed a two-headed ogre
  9576 | D:9      | HP: 3/86 [orc warrior/+0 dire flail (14)]
 10052 | D:9      | Noticed a yaktaur captain
 10066 | D:9      | Killed a yaktaur captain
 10075 | D:9      | Noticed a two-headed ogre
 10078 | D:9      | Reached XP level 11. HP: 39/92 MP: 10/10
 10080 | D:9      | Killed a two-headed ogre
 10081 | D:9      | Reached skill level 11 in Unarmed Combat
 10438 | D:9      | Found a shadowy altar of Dithmenos.
 10493 | D:9      | Found a staircase to the Orcish Mines.
 10744 | D:9      | Found a hazy altar of Hepliaklqana.
 10765 | D:10     | Entered Level 10 of the Dungeon
 11281 | D:10     | Found an ornate altar of the Wu Jian Council.
 11782 | D:10     | Noticed a two-headed ogre
 11794 | D:10     | Killed a two-headed ogre
 12425 | D:11     | Found a large runed translucent door.
 12426 | D:11     | Found a large runed translucent door.
 12429 | D:11     | Noticed Nebesus's ghost (novice TrMo)
 12430 | D:11     | Identified the ring of the Coward {Str+4 Dex-3 Stlth+}
 12453 | D:10     | Reached skill level 10 in Dodging
 13402 | D:11     | Noticed Psyche
 13410 | D:11     | Killed Psyche
 13411 | D:11     | Reached skill level 12 in Unarmed Combat
 13444 | D:11     | Reached ** piety under Ashenzari
 14028 | D:11     | Killed Nebesus's ghost
 14029 | D:11     | Reached XP level 12. HP: 42/103 MP: 11/11
 14458 | D:6      | Bought an ancient plate armour for 616 gold pieces
 14468 | D:6      | Identified the +6 plate armour "Tytulol" {Will+} (You
                  | bought it in a shop on level 6 of the Dungeon)
 14531 | Lair:1   | Entered Level 1 of the Lair of Beasts
 16166 | Lair:2   | Slain by an elephant

Illustrated notes

Levels and vault maps discovered:
D:1:      heliophobic_arrival_battle_scene, layout_rooms
D:2:      layout_loops_corners, elyvilon_altar_4, uniq_natasha,
          uniq_crazy_yiuf_cottage
D:3:      layout_loops_cross, gammafunk_temple_overflow_claw,
          gup_sewer_entry_bubbles, uniq_jessica, uniq_terence, uniq_robin
D:4:      layout_cave_pools, kennysheep_slug_shrine, minmay_between
D:5:      layout_rooms, nemelex_xobeh_ov_fountains_minmay, grunt_tough_drop,
          uniq_duvessa
D:6:      layout_basic, kennysheep_little_box, yredelemnul_altar_generic,
          temple_doors_e, serial_shops, kennysheep_mini, shop, shop,
          nicolae_shop_trees, shop
D:7:      layout_basic, serial_shops, nicolae_shop_crystal,
          sigmund_edmund_badplayer
D:8:      layout_cave_pools, minmay_lair_entry_grove
D:9:      nzn_winding_woodlands_medium [nzn_winding_woodlands_5x5_closed_star,
          nzn_winding_woodlands_5x15_split_checker,
          nzn_winding_woodlands_5x5_cross, nzn_winding_woodlands_5x5_default,
          nzn_winding_woodlands_center_lodge, nzn_winding_woodlands_5x5_default,
          nzn_winding_woodlands_hourglass, nzn_winding_woodlands_5x15_parted,
          nzn_winding_woodlands_5x5_default], layout_cave_pools,
          lemuel_round_altar, nzn_hepliaklqana_mist_gate, lemuel_doored_altar,
          dancing_weapons_uskayaw, minmay_misc_feat_ornament
D:10:     layout_stronghold, amcnicky_altar_gilded
D:11:     layout_cave_pods, ebering_ghost_disaster_area, st_stairs_4,
          uniq_psyche
D:12:     layout_small_grid
Temple:   dpeg_chambers_temple
Lair:1:   lemuel_reptile_caves, layout_hall_layers, disabler_island,
          serial_bayou_shore_b, infiniplex_staircase_pool
Lair:2:   layout_cave_shapes, grunt_megastairs_1

Skill      XL: |  1  2  3  4  5  6  7  8  9 10 11 12 |
---------------+-------------------------------------+-----
Dodging        | 3 4 5 6 7 9 10 11 | 11.2
Unarmed Combat | 4 5 6 7 9 10 12 | 12.9
Armour         | 1 2 3 4 5 7 |  7.5
Fighting       | 3 4 5 6 7 8 9 |  9.3
Throwing       | |  1.7

Action                   |  1- 3 |  4- 6 |  7- 9 | 10-12 || total
-------------------------+-------+-------+-------+-------++-------
Melee: Unarmed           |   105 |   193 |   467 |   925 ||  1690
       Punch             |       |     2 |    14 |    51 ||    67
Throw: Throwing net      |       |     3 |     2 |     3 ||     8
Invok: Curse Item        |       |       |     2 |       ||     2
Evoke: Wand              |       |       |       |     3 ||     3
  Use: Scroll            |       |     7 |     9 |    14 ||    30
       Potion            |       |       |     4 |    15 ||    19
 Stab: Held in net/web   |       |     1 |       |     2 ||     3
       Invisible         |       |       |       |     4 ||     4
Armor: Leather armour    |    17 |    35 |       |       ||    52
       Scale mail        |       |    23 |   241 |   145 ||   409
       Acid dragon scale |       |       |       |   106 ||   106
       Plate armour      |       |       |       |   326 ||   326
Dodge: Dodged            |    71 |   139 |   332 |   827 ||  1369

Table legend: (Time is in decaauts)
 A = Elapsed time spent in this place.
 B = Non-inter-level travel time spent in this place.
 C = Inter-level travel time spent in this place.
 D = Time resting spent in this place.
 E = Time spent auto-exploring this place.
 F = Levels seen in this place.
 G = Mean time per level.
                   A        B        C        D        E       F      G
               +--------+--------+--------+--------+--------+-----+--------+
         Total |  15984 |  15335 |    649 |   4096 |   8565 |  16 |  999.0 |
       Dungeon |  13944 |  13352 |    592 |   3583 |   7581 |  12 | 1162.0 |
        Temple |    194 |    184 |     10 |      0 |    184 |   1 |  194.0 |
          Lair |   1525 |   1478 |     47 |    335 |    712 |   2 |  762.5 |
         Sewer |    319 |    319 |      0 |    178 |     87 |   1 |  319.0 |
               +--------+--------+--------+--------+--------+-----+--------+

Top non-repeatable levels by time:
    D:10: 1995 daAuts
     D:2: 1768 daAuts
     D:7: 1748 daAuts
    D:11: 1564 daAuts
  Lair:1: 1486 daAuts
     D:9: 1435 daAuts
     D:6: 1087 daAuts
     D:3: 1010 daAuts
     D:8: 948 daAuts
     D:5: 944 daAuts
     D:1: 712 daAuts
     D:4: 712 daAuts
   Sewer: 319 daAuts
  Temple: 194 daAuts
  Lair:2: 39 daAuts
